TOP OF THE 1ST |
Palm Beach Cardinals batting - Pitching for Daytona Tortugas : RHP Victor Moreno
|
Pitching: RHP Victor Moreno
|
|
Batting: LHB Danny Cuate
|
0-0: SINGLE (Groundball, 4M, EV 108.1 MPH)
|
Batting: RHB Corey Ottinger
|
0-0: Foul Ball, location: 2F 0-1: Ball 1-1: Grounds into double play, 5-4-3 (Groundball, 56S, EV 85.6 MPH)
|
Batting: LHB Allen Russell
|
0-0: Called Strike 0-1: Ball 1-1: Fly out, F3 (Popup, 3SF, EV 76.9 MPH)
|
Top of the 1st over - 0 runs, 1 hit, 0 errors, 0 left on base; Palm Beach 0 - Daytona 0 |
BOTTOM OF THE 1ST |
Daytona Tortugas batting - Pitching for Palm Beach Cardinals : RHP Alejandro Cardoso
|
Pitching: RHP Alejandro Cardoso
|
|
Batting: LHB Bob Schmidt
|
0-0: SINGLE (Line Drive, 8LM, EV 88.8 MPH)
|
Batting: RHB Danny Alvarez
|
0-0: Ball 1-0: Foul Ball, location: 2F 1-1: Foul Ball, location: 2F 1-2: Strikes out swinging
|
Batting: RHB George Copping
|
0-0: Ball Bob Schmidt steals 2nd base 1-0: Called Strike 1-1: Ball 2-1: Foul Ball, location: 2F 2-2: Strikes out swinging
|
Batting: RHB Abel Surraca
|
0-0: Ball 1-0: Ball 2-0: Called Strike 2-1: Ground out 4-3 (Groundball, 4M, EV 88.1 MPH)
|
Bottom of the 1st over - 0 runs, 1 hit, 0 errors, 1 left on base; Palm Beach 0 - Daytona 0 |
TOP OF THE 2ND |
Palm Beach Cardinals batting - Pitching for Daytona Tortugas : RHP Victor Moreno
|
Batting: RHB Steve Woods
|
0-0: Ground out 6-3 (Groundball, 6, EV 91.9 MPH)
|
Batting: RHB Dave Brabo
|
0-0: Called Strike 0-1: Ground out 4-3 (Groundball, 4, EV 95.0 MPH)
|
Batting: LHB Kyle Ashley
|
0-0: Foul Ball, location: 2F 0-1: SINGLE (Groundball, 56S, EV 74.4 MPH) (infield hit)
|
Batting: RHB Kyle Scruggs
|
0-0: Ball 1-0: Ball 2-0: Ball 3-0: Called Strike 3-1: Called Strike 3-2: Foul Ball, location: 2F 3-2: Base on Balls Kyle Ashley to second
|
Batting: SHB Plácido Barrrenho
|
0-0: Called Strike 0-1: Ball 1-1: Fly out, F5 (Flyball, 56D, EV 86.9 MPH)
|
Top of the 2nd over - 0 runs, 1 hit, 0 errors, 2 left on base; Palm Beach 0 - Daytona 0 |
BOTTOM OF THE 2ND |
Daytona Tortugas batting - Pitching for Palm Beach Cardinals : RHP Alejandro Cardoso
|
Batting: LHB Francisco Arroyo
|
0-0: Ball 1-0: Ball 2-0: Ball 3-0: Called Strike 3-1: Ground out 4-3 (Groundball, 4, EV 78.1 MPH)
|
Batting: LHB William Morales
|
0-0: Called Strike 0-1: Ball 1-1: Ball 2-1: Foul Ball, location: 2F 2-2: Foul Ball, location: 2F 2-2: Foul Ball, location: 2F 2-2: Strikes out swinging
|
Batting: RHB Vic Berg
|
0-0: Called Strike 0-1: Ground out 5-3 (Groundball, 56, EV 101.9 MPH)
|
Bottom of the 2nd over - 0 runs, 0 hits, 0 errors, 0 left on base; Palm Beach 0 - Daytona 0 |
TOP OF THE 3RD |
Palm Beach Cardinals batting - Pitching for Daytona Tortugas : RHP Victor Moreno
|
Batting: RHB Alejandro Cardoso
|
0-0: Ball 1-0: Ball 2-0: Called Strike 2-1: Swinging Strike 2-2: Ball 3-2: Strikes out swinging
|
Batting: LHB Danny Cuate
|
0-0: Foul Ball, location: 2F 0-1: Foul Ball, location: 2F 0-2: Ball 1-2: Strikes out swinging
|
Batting: RHB Corey Ottinger
|
0-0: Called Strike 0-1: Called Strike 0-2: Strikes out swinging
|
Top of the 3rd over - 0 runs, 0 hits, 0 errors, 0 left on base; Palm Beach 0 - Daytona 0 |
BOTTOM OF THE 3RD |
Daytona Tortugas batting - Pitching for Palm Beach Cardinals : RHP Alejandro Cardoso
|
Batting: RHB Frank Brewster
|
0-0: Ball 1-0: Called Strike 1-1: Called Strike 1-2: Strikes out swinging
|
Batting: RHB Victor Moreno
|
0-0: Called Strike 0-1: Fly out, F4 (Popup, 4, EV 80.0 MPH)
|
Batting: LHB Bob Schmidt
|
0-0: Swinging Strike 0-1: Ball 1-1: Called Strike 1-2: Foul Ball, location: 2F 1-2: Ball 2-2: Strikes out swinging
|
Bottom of the 3rd over - 0 runs, 0 hits, 0 errors, 0 left on base; Palm Beach 0 - Daytona 0 |
TOP OF THE 4TH |
Palm Beach Cardinals batting - Pitching for Daytona Tortugas : RHP Victor Moreno
|
Batting: LHB Allen Russell
|
0-0: Ball 1-0: Called Strike 1-1: Ball 2-1: Foul Ball, location: 2F 2-2: SOLO HOME RUN (Flyball, 89XD, EV 96.9 MPH), Distance : 420 ft
|
Batting: RHB Steve Woods
|
0-0: Foul Ball, location: 2F 0-1: Ball 1-1: Fly out, F9 (Flyball, 89M, EV 93.8 MPH)
|
Batting: RHB Dave Brabo
|
0-0: Called Strike 0-1: Swinging Strike 0-2: Foul Ball, location: 2F 0-2: Ball 1-2: Ball 2-2: Foul Ball, location: 2F 2-2: Ball 3-2: Foul Ball, location: 2F 3-2: Base on Balls
|
Batting: LHB Kyle Ashley
|
0-0: Foul Ball, location: 2F 0-1: Ball 1-1: Foul Ball, location: 2F 1-2: Strikes out looking
|
Batting: RHB Kyle Scruggs
|
0-0: Fly out, F8 (Flyball, 8LM, EV 81.3 MPH)
|
Top of the 4th over - 1 run, 1 hit, 0 errors, 1 left on base; Palm Beach 1 - Daytona 0 |
BOTTOM OF THE 4TH |
Daytona Tortugas batting - Pitching for Palm Beach Cardinals : RHP Alejandro Cardoso
|
Batting: RHB Danny Alvarez
|
0-0: Ball 1-0: Ball 2-0: Ball 3-0: Base on Balls
|
Batting: RHB George Copping
|
0-0: SINGLE (Line Drive, 89M, EV 101.9 MPH) Danny Alvarez to second
|
Batting: RHB Abel Surraca
|
0-0: Ball 1-0: Foul Ball, location: 2F 1-1: Ball 2-1: Foul Ball, location: 2F 2-2: Strikes out looking
|
Batting: LHB Francisco Arroyo
|
0-0: Called Strike 0-1: Ball 1-1: Ball 2-1: Called Strike 2-2: Ball 3-2: Base on Balls Danny Alvarez to third George Copping to second
|
Batting: LHB William Morales
|
0-0: Ball 1-0: Grounds into fielders choice 3-2 (Groundball, 3L, EV 93.8 MPH) George Copping to third Francisco Arroyo to second
|
Batting: RHB Vic Berg
|
0-0: Called Strike 0-1: GRAND SLAM HOME RUN (Flyball, 78XD, EV 96.3 MPH), Distance : 431 ft
|
Batting: RHB Frank Brewster
|
0-0: Ball 1-0: Ball 2-0: Swinging Strike 2-1: Swinging Strike 2-2: Ball 3-2: Strikes out swinging
|
Bottom of the 4th over - 4 runs, 2 hits, 0 errors, 0 left on base; Palm Beach 1 - Daytona 4 |
TOP OF THE 5TH |
Palm Beach Cardinals batting - Pitching for Daytona Tortugas : RHP Victor Moreno
|
Batting: SHB Plácido Barrrenho
|
0-0: Ball 1-0: Ground out 4-3 (Groundball, 4, EV 108.8 MPH)
|
Batting: RHB Alejandro Cardoso
|
0-0: Called Strike 0-1: Ball 1-1: Swinging Strike 1-2: Strikes out looking
|
Batting: LHB Danny Cuate
|
0-0: Ball 1-0: Ground out 5-3 (Groundball, 5, EV 110.0 MPH)
|
Top of the 5th over - 0 runs, 0 hits, 0 errors, 0 left on base; Palm Beach 1 - Daytona 4 |
BOTTOM OF THE 5TH |
Daytona Tortugas batting - Pitching for Palm Beach Cardinals : RHP Alejandro Cardoso
|
Batting: RHB Victor Moreno
|
0-0: SOLO HOME RUN (Flyball, 7D, EV 103.8 MPH), Distance : 382 ft
|
Pitching: RHP Chi-young Jen
|
|
Batting: LHB Bob Schmidt
|
0-0: Ground out U3 (Groundball, 34, EV 85.6 MPH)
|
Batting: RHB Danny Alvarez
|
0-0: Foul Ball, location: 2F 0-1: Ball 1-1: Fly out, F7 (Flyball, 7, EV 88.1 MPH)
|
Batting: RHB George Copping
|
0-0: Called Strike 0-1: Fly out, F8 (Line Drive, 8LD, EV 85.6 MPH)
|
Bottom of the 5th over - 1 run, 1 hit, 0 errors, 0 left on base; Palm Beach 1 - Daytona 5 |
TOP OF THE 6TH |
Palm Beach Cardinals batting - Pitching for Daytona Tortugas : RHP Victor Moreno
|
Batting: RHB Corey Ottinger
|
0-0: Ball 1-0: Ball 2-0: Foul Ball, location: 2F 2-1: Foul Ball, location: 2F 2-2: Strikes out swinging
|
Batting: LHB Allen Russell
|
0-0: Ball 1-0: Ball 2-0: Called Strike 2-1: Ball 3-1: Swinging Strike 3-2: Foul Ball, location: 2F 3-2: Foul Ball, location: 2F 3-2: Strikes out swinging
|
Batting: RHB Steve Woods
|
0-0: Ball 1-0: Ball 2-0: Called Strike 2-1: Ball 3-1: Foul Ball, location: 2F 3-2: Foul Ball, location: 2F 3-2: Foul Ball, location: 2F 3-2: Fly out, F8 (Flyball, 78D, EV 106.3 MPH)
|
Top of the 6th over - 0 runs, 0 hits, 0 errors, 0 left on base; Palm Beach 1 - Daytona 5 |
BOTTOM OF THE 6TH |
Daytona Tortugas batting - Pitching for Palm Beach Cardinals : RHP Chi-young Jen
|
Batting: RHB Abel Surraca
|
0-0: Called Strike 0-1: Swinging Strike 0-2: Strikes out looking
|
Batting: LHB Francisco Arroyo
|
0-0: Called Strike 0-1: Ball 1-1: Ball 2-1: Ground out U3 (Groundball, 3, EV 87.5 MPH)
|
Batting: LHB William Morales
|
0-0: Called Strike 0-1: Called Strike 0-2: Foul Ball, location: 2F 0-2: Strikes out looking
|
Bottom of the 6th over - 0 runs, 0 hits, 0 errors, 0 left on base; Palm Beach 1 - Daytona 5 |
TOP OF THE 7TH |
Palm Beach Cardinals batting - Pitching for Daytona Tortugas : RHP Victor Moreno
|
Pitching: RHP Kevin Girts
|
|
Batting: RHB Dave Brabo
|
0-0: SINGLE (Groundball, P, EV 78.8 MPH) (infield hit)
|
Batting: LHB Kyle Ashley
|
0-0: SINGLE (Groundball, 4M, EV 80.0 MPH) (infield hit) Dave Brabo to second
|
Batting: RHB Kyle Scruggs
|
0-0: Ball 1-0: Called Strike 1-1: Foul Ball, location: 2F 1-2: Strikes out looking
|
Batting: SHB Plácido Barrrenho
|
0-0: Called Strike 0-1: Foul Ball, location: 2F 0-2: Ball 1-2: Strikes out swinging
|
Pinch Hitting: RHB Kurt Forrester
|
0-0: Foul Ball, location: 2F 0-1: Swinging Strike 0-2: Strikes out swinging
|
Top of the 7th over - 0 runs, 2 hits, 0 errors, 2 left on base; Palm Beach 1 - Daytona 5 |
BOTTOM OF THE 7TH |
Daytona Tortugas batting - Pitching for Palm Beach Cardinals : RHP Chi-young Jen
|
Pitching: RHP Tony Campos
|
|
Batting: RHB Vic Berg
|
0-0: Ball 1-0: Called Strike 1-1: Called Strike 1-2: Ball 2-2: Ground out U3 (Groundball, 13, EV 81.3 MPH)
|
Batting: RHB Frank Brewster
|
0-0: Ball 1-0: Swinging Strike 1-1: Called Strike 1-2: Strikes out swinging, 2-3 out at first.
|
Pinch Hitting: RHB Brent Moody
|
0-0: Ball 1-0: Ball 2-0: Called Strike 2-1: Foul Ball, location: 2F 2-2: Strikes out swinging
|
Bottom of the 7th over - 0 runs, 0 hits, 0 errors, 0 left on base; Palm Beach 1 - Daytona 5 |
TOP OF THE 8TH |
Palm Beach Cardinals batting - Pitching for Daytona Tortugas : RHP Kevin Girts
|
Pitching: LHP Rey Ontiveros
|
|
Batting: LHB Danny Cuate
|
0-0: Ball 1-0: Ball 2-0: Called Strike 2-1: Foul Ball, location: 2F 2-2: Strikes out looking
|
Batting: RHB Corey Ottinger
|
0-0: Ball 1-0: Ball 2-0: Foul Ball, location: 2F 2-1: Called Strike 2-2: Fly out, F8 (Flyball, 8LS, EV 87.5 MPH)
|
Batting: LHB Allen Russell
|
0-0: Called Strike 0-1: Foul Ball, location: 2F 0-2: Strikes out swinging, 2-3 out at first.
|
Top of the 8th over - 0 runs, 0 hits, 0 errors, 0 left on base; Palm Beach 1 - Daytona 5 |
BOTTOM OF THE 8TH |
Daytona Tortugas batting - Pitching for Palm Beach Cardinals : RHP Tony Campos
|
Pitching: LHP Leo Santana
|
|
Batting: LHB Bob Schmidt
|
0-0: Ball 1-0: Ground out 6-3 (Groundball, 6D, EV 102.5 MPH)
|
Batting: RHB Danny Alvarez
|
0-0: Ball 1-0: Called Strike 1-1: Foul Ball, location: 2F 1-2: Ball 2-2: Foul Ball, location: 2F 2-2: Ground out 5-3 (Groundball, 5L, EV 80.6 MPH)
|
Batting: RHB George Copping
|
0-0: Called Strike 0-1: Called Strike 0-2: Ball 1-2: Ball 2-2: Ground out 6-3 (Groundball, 6, EV 88.1 MPH)
|
Bottom of the 8th over - 0 runs, 0 hits, 0 errors, 0 left on base; Palm Beach 1 - Daytona 5 |
TOP OF THE 9TH |
Palm Beach Cardinals batting - Pitching for Daytona Tortugas : LHP Rey Ontiveros
|
Batting: RHB Steve Woods
|
0-0: Ball 1-0: Foul Ball, location: 2F 1-1: Swinging Strike 1-2: Strikes out swinging
|
Batting: RHB Dave Brabo
|
0-0: Foul Ball, location: 2F 0-1: Called Strike 0-2: Strikes out swinging
|
Batting: LHB Kyle Ashley
|
0-0: Foul Ball, location: 2F 0-1: Called Strike 0-2: Ball 1-2: Ball 2-2: Foul Ball, location: 2F 2-2: Strikes out swinging
|
Top of the 9th over - 0 runs, 0 hits, 0 errors, 0 left on base; Palm Beach 1 - Daytona 5 |
|